Map: Acropolis LE

Players

BlyOnFire (Bly)

  • Race: Zerg Zerg
  • Spawn Location: 11:00

cyan - Winner!

  • Race: Protoss Protoss
  • League: Master
  • Spawn Location: 5:00

Event: NationWars 2019

VOD

Have the link to the VOD?

Description

Time

  • Played on: Oct. 3, 2019, 12:39 p.m.
  • Length: 13:32
Show
View Real Time Build Order
Export as new Build Order

BlyOnFire Zerg 

Build Orders: 3 Hatch before Pool 

Get SALT Encoding   

  12  0:01  Drone  
  13  0:13  Overlord  
  13  0:17  Drone  
  14  0:31  Drone  
  14  0:32  Drone  
  16  0:49  Hatchery  
  15  0:53  Drone  
  16  1:19  Drone  
  16  1:21  Hatchery  
  16  1:22  Drone  
  16  1:25  Drone  
  18  1:37  Extractor  
  17  1:41  Spawning Pool  
  17  1:44  Drone  
  17  1:48  Drone  
  17  1:52  Drone  
  19  2:01  Drone  
  19  2:06  Drone  
  21  2:15  Overlord  
  21  2:29  Queen x2  
  24  2:30  Hatchery  
  24  2:36  Zergling x6  
  28  2:44  Metabolic Boost, Extractor  
  28  2:49  Zergling x4  
  29  2:57  Zergling x4  
  29  2:58  Zergling x2  
  33  3:09  Overlord  
  30  3:21  Overlord  
  29  3:29  Drone  
  29  3:30  Drone x3  
  27  3:36  Spore Crawler  
  27  3:37  Spore Crawler  
  27  3:38  Drone x2  
  27  3:39  Drone  
  26  3:53  Zergling x12  
  32  4:02  Drone x2  
  32  4:08  Drone x2  
  34  4:10  Queen  
  34  4:15  Drone x2  
  38  4:21  Drone  
  38  4:24  Drone  
  40  4:25  Queen  
  40  4:40  Overlord  
  40  4:45  Drone x6  
  45  4:50  Drone  
  45  4:51  Drone  
  45  4:52  Roach Warren  
  44  4:58  Extractor  
  43  5:01  Overlord  
  43  5:06  Zergling x12  
  49  5:17  Zergling x2  
  49  5:18  Zergling x6  
  53  5:22  Extractor  
  52  5:28  Overlord  
  49  5:36  Roach x6  
  49  5:38  Overlord  
  58  5:48  Roach x2  
  62  5:53  Drone x2  
  62  5:55  Spore Crawler  
  63  6:03  Roach x4  
  68  6:20  Roach x6  
  68  6:24  Drone x2  
  76  6:29  Drone x2  
  76  6:35  Drone x3  
  77  6:43  Drone x3  
  79  6:50  Drone x2  
  81  7:04  Overlord x2  
  81  7:05  Overlord  
  81  7:06  Overlord x2  
  81  7:11  Lair  
  81  7:13  Extractor  
  80  7:19  Overlord  
  80  7:23  Overlord  
  80  7:32  Drone x3  
  80  7:33  Drone  
  80  7:34  Drone  
  80  7:35  Drone x3  
  89  7:37  Drone x2  
  90  7:47  Ravager x5  
  90  7:48  Ravager x2  
  90  7:49  Roach x4  
  105  7:56  Roach x3  
  111  8:06  Roach x3  
  111  8:07  Roach, Overlord  
  116  8:17  Glial Reconstitution  
  116  8:18  Zergling x2  
  116  8:19  Zergling x12  
  119  8:29  Zergling x4, Ravager  
  119  8:30  Zergling x4, Overlord  
  124  8:47  Roach x5  
  124  8:48  Roach x3  
  137  8:49  Overlord  
  137  8:53  Baneling Nest  
  136  9:02  Roach x4  
  144  9:04  Overlord x2  
  144  9:07  Overlord  
  144  9:11  Overlord  
  144  9:13  Overlord  
  144  9:22  Roach x3  
  150  9:29  Roach x3  
  143  9:36  Roach x5  
  136  9:47  Roach x4  
  122  9:57  Roach x3  
  114  10:17  Roach x2  
  114  10:20  Hatchery  
  115  10:22  Overlord  
  115  10:28  Overlord  
  112  10:32  Zergling x4  
  112  10:34  Ravager x2  
  116  10:37  Zergling x2  
  116  10:39  Baneling  
  116  10:40  Baneling  
  117  10:45  Baneling  
  117  10:46  Baneling x2  
  117  10:47  Ravager x3  
  110  10:55  Ravager x3  
  113  11:03  Roach x3  
  95  11:17  Roach x4  
  91  11:29  Drone x4  
  92  11:33  Drone x2  
  92  11:39  Drone x2  
  92  12:01  Drone  
  92  12:02  Drone x6  
  99  12:11  Roach x2  
  100  12:24  Roach x4  
  88  12:36  Roach x4  
  82  12:51  Roach x4  
  82  12:54  Roach  
  72  13:02  Ravager x3  
  72  13:03  Ravager  
Show
View Real Time Build Order
Export as new Build Order

cyan Protoss - Winner!

Build Orders:  

Get SALT Encoding   

  12  0:01  Probe  
  13  0:13  Probe  
  14  0:19  Pylon  
  14  0:25  Probe (Chrono Boost)  
  15  0:37  Probe (Chrono Boost)  
  15  0:40  Gateway  
  16  0:46  Probe (Chrono Boost)  
  16  0:47  Assimilator  
  17  0:51  Probe  
  18  1:03  Probe  
  19  1:15  Probe  
  20  1:26  Gateway  
  20  1:27  Pylon, Zealot (Chrono Boost)  
  20  1:32  Cybernetics Core  
  22  1:35  Probe  
  23  1:46  Zealot (Chrono Boost)  
  24  1:47  Probe  
  26  2:00  Probe  
  27  2:02  Assimilator  
  27  2:09  Warp Gate  
  27  2:12  Adept (Chrono Boost)  
  31  2:18  Adept (Chrono Boost)  
  31  2:20  Pylon  
  31  2:38  Probe  
  34  2:48  Nexus  
  32  2:52  Probe  
  32  2:54  Sentry  
  35  3:04  Stalker  
  37  3:12  Pylon  
  38  3:20  Probe  
  38  3:30  Twilight Council  
  38  3:32  Probe  
  39  3:44  Probe  
  40  3:53  Robotics Facility  
  38  3:56  Probe  
  38  4:00  Probe (Chrono Boost)  
  38  4:08  Probe (Chrono Boost)  
  39  4:12  Resonating Glaives  
  40  4:18  Probe (Chrono Boost)  
  40  4:19  Probe (Chrono Boost)  
  40  4:21  Adept x2  
  45  4:24  Gateway  
  45  4:25  Probe (Chrono Boost)  
  45  4:27  Probe  
  45  4:29  Gateway  
  47  4:36  Probe  
  48  4:39  Probe  
  48  4:42  Adept x2  
  51  4:52  Warp Prism (Chrono Boost)  
  50  4:57  Probe  
  53  5:01  Probe  
  54  5:08  Pylon  
  54  5:09  Probe  
  55  5:14  Pylon  
  55  5:18  Adept x2  
  59  5:23  Adept  
  59  5:28  Adept, Probe x2  
  63  5:33  Pylon  
  65  5:40  Immortal (Chrono Boost)  
  67  5:46  Assimilator  
  67  5:48  Assimilator  
  68  5:55  Adept x3  
  73  5:57  Adept  
  73  6:03  Probe x2  
  77  6:07  Pylon  
  77  6:15  Probe  
  77  6:17  Adept x2  
  77  6:18  Adept x2  
  80  6:25  Immortal (Chrono Boost)  
  76  6:30  Probe x2  
  72  6:36  Gateway  
  72  6:45  Gateway  
  72  6:46  Sentry x3  
  78  6:50  Gateway  
  76  7:04  Immortal (Chrono Boost)  
  78  7:11  Pylon  
  78  7:15  Adept, Sentry x2  
  80  7:21  Gateway  
  84  7:33  Nexus  
  84  7:34  Sentry  
  84  7:35  Adept  
  88  7:38  Warp Prism (Chrono Boost)  
  90  7:47  Pylon  
  90  7:59  Adept x3  
  90  8:00  Adept  
  98  8:07  Adept x2, Observer (Chrono Boost)  
  101  8:15  Adept  
  101  8:19  Pylon  
  101  8:30  Adept x4  
  109  8:50  Adept x2  
  109  8:51  Adept x4  
  121  8:56  Probe x3 (Chrono Boost)  
  124  9:03  Robotics Bay  
  124  9:07  Probe x2 (Chrono Boost)  
  126  9:10  Robotics Facility  
  126  9:11  Probe (Chrono Boost)  
  126  9:12  Probe (Chrono Boost)  
  128  9:21  Adept x2  
  120  9:36  Adept x2  
  120  9:37  Adept x3  
  103  9:49  Adept x2  
  103  9:51  Disruptor (Chrono Boost)  
  84  9:57  Adept x2  
  84  9:58  Adept  
  82  10:02  Adept  
  82  10:05  Probe  
  82  10:06  Probe  
  86  10:11  Disruptor (Chrono Boost)  
  84  10:16  Probe  
  84  10:17  Probe  
  89  10:24  Pylon  
  89  10:26  Sentry x2  
  89  10:30  Sentry  
  89  10:35  Disruptor (Chrono Boost)  
  94  10:43  Adept x2  
  94  10:44  Adept  
  100  10:53  Sentry x2  
  100  10:54  Sentry  
  106  10:59  Disruptor (Chrono Boost)  
  105  11:05  Adept  
  103  11:16  Adept x3  
  93  11:26  Nexus  
  93  11:32  Warp Prism (Chrono Boost)  
  91  11:38  Adept  
  93  11:40  Adept  
  96  11:47  Observer (Chrono Boost)  
  96  11:50  Adept, Sentry  
  98  12:01  Adept x3  
  92  12:32  Adept x2  
  92  12:33  Stalker  
  92  12:34  Zealot  
  93  12:37  Stalker x2  
  89  12:57  Stalker x4  
  97  13:03  Stalker  
Tags
 
Add a new tag
Caveats
  • Supply blocks, unpowered buildings, or Contaminate may cause inaccurate times.
  • Supply counts are checked every 10 seconds.